 Dungeon Sprint DCSS version 0.31-a0-1074-g0b22e4e0f1 (webtiles) character file.

Game seed: 4626029749405506944

103 tbh1313 the Basher (level 4, -10/48 HPs)
             Began as an Ogre Berserker on Nov 28, 2023.
             Was a Follower of Trog.
             Mangled by Sigmund
             ... wielding a +0 scythe
              (12 damage)
             ... in the Dungeon (Sprint I: "Red Sonja").
             The game lasted 00:01:03 (128 turns).

tbh1313 the Basher (Ogre Berserker)                  Turns: 128, Time: 00:01:03

Health: -10/48     AC:  3    Str: 23    XL:     4   Next: 79%
Magic:  4/4        EV: 10    Int:  8    God:    Trog [*.....]
Gold:   54         SH:  0    Dex:  8    Spells: 3/3 levels left

rFire   . . .        a - +3 club
rCold   . . .        (no shield)
rNeg    . . .        b - +0 animal skin
rPois   .            (helmet restricted)
rElec   .            (no cloak)
rCorr   .            (gloves unavailable)
SInv    .            (boots unavailable)
Will    .....        (no amulet)
Stlth   +            (no ring)
HPRegen 0.28/turn    (no ring)
MPRegen 0.09/turn

%: no teleportation
@: on berserk cooldown, hasted and slowed
A: large, unfitting armour, tough skin 1
a: Renounce Religion, Berserk


You were in the Dungeon.
You worshipped Trog.
Trog was aware of your devotion.
You visited 1 branch You collected 54 gold pieces.

Inventory:

Hand Weapons
 a - a +3 club (weapon)
Armour
 b - a +0 animal skin (worn)
Wands
 i - a wand of flame (5)
Scrolls
 h - a scroll of blinking
Potions
 c - a potion of curing
 d - a potion of heal wounds
 f - 2 potions of magic
 g - a potion of berserk rage


   Skills:
 - Level 4.0 Fighting
 + Level 8.8 Maces & Flails
 - Level 2.6 Dodging


You had 3 spell levels left.
You didn't know any spells.
Your spell library was empty.

Dungeon Overview and Level Annotations

Branches:
Dungeon (1/1)

Altars:

Annotations:
D Sigmund


Innate Abilities, Weirdness & Mutations

You are too large for most types of armour.
You have tough skin. (AC +1)


Message History

You feel a strong urge to attack something.
Something hits you!
You completely miss something.
You bump into the rock wall.
Something hits you.
You barely miss something.
You bump into the rock wall.
You bump into the rock wall.
You feel a strong urge to attack something.
You are no longer berserk.
You are exhausted.
You feel yourself slow down. Something hits you.
You barely miss something. Something hits you but does no damage.
You feel less confused. Something hits you.
There is an open door, spattered with blood here.
Something completely misses you.
You see here a +0 giant club.
Which direction?
You close the door.
Something unseen breaks down the door.
Something hits you!
There is a broken door, spattered with blood here.
You feel yourself speed up. Something hits you.
You barely miss something. Something hits you!
* * * LOW HITPOINT WARNING * * *
You miss something. You hit something. Something hits you.
* * * LOW HITPOINT WARNING * * *
You completely miss something. You miss something. Something hits you.
* * * LOW HITPOINT WARNING * * *
You sock something! Your punch misses something. You hit something.
You hear some strange, mumbled words.
Something tries to affect you, but you resist.
You closely miss something. Something hits you.
* * * LOW HITPOINT WARNING * * *
You closely miss something. Something hits you but does no damage.
You hit something but do no damage. You miss something. Something hits you!
You die...

#############
#<.#..'..#..+
#..)..#.)@{.#
#..#####'####
#..# #..#
#..# ####
#..# #⌠⌠#
####


There were no monsters in sight!

Levels and vault maps discovered:
D:        dungeon_sprint_1 [red_sonja_temple_1, red_sonja_temple_small_1]

Notes
Turn   | Place    | Note
-------+----------+-------------------------------------------
     0 | D        | tbh1313 the Ogre Berserker began the quest for the Orb.
     0 | D        | Reached XP level 1. HP: 24/24 MP: 1/1
     1 | D        | Noticed Ijyb
     6 | D        | Killed Ijyb
     7 | D        | Reached skill level 5 in Maces & Flails
     7 | D        | Reached XP level 2. HP: 32/32 MP: 2/2
     7 | D        | Reached XP level 3. HP: 39/39 MP: 3/3
    56 | D        | Noticed an ogre
    60 | D        | Killed an ogre
    61 | D        | Reached skill level 8 in Maces & Flails
    61 | D        | Reached XP level 4. HP: 48/48 MP: 4/4
   100 | D        | Noticed Sigmund
   122 | D        | HP: 1/48 [something (6)]
   128 | D        | Mangled by Sigmund

Table legend: (Time is in decaauts)
 A = Elapsed time spent in this place.
 B = Non-inter-level travel time spent in this place.
 C = Inter-level travel time spent in this place.
 D = Time resting spent in this place.
 E = Time spent auto-exploring this place.
 F = Levels seen in this place.
 G = Mean time per level.
                   A        B        C        D        E       F      G
               +--------+--------+--------+--------+--------+-----+--------+
         Total |    146 |    146 |      0 |     94 |      0 |   1 |  146.0 |
       Dungeon |    146 |    146 |      0 |     94 |      0 |   1 |  146.0 |
               +--------+--------+--------+--------+--------+-----+--------+

Top non-repeatable levels by time:
       D: 146 daAuts

Table legend:
 A = Kills in this place as a percentage of kills in the entire game.
 B = Kills by you in this place as a percentage of kills by you in the entire game.
 C = Kills by friends in this place as a percentage of kills by friends in the entire game.
 D = Other kills in this place as a percentage of other kills in the entire game.
 E = Experience gained in this place as a percentage of experience gained in the entire game.
 F = Experience gained in this place divided by the number of levels of this place that you have seen.
                   A       B       C       D       E      F
               +-------+-------+-------+-------+-------+----------------------
         Total | 100.0 | 100.0 |   N/A |   N/A | 100.0 | 148.0
       Dungeon | 100.0 | 100.0 |   N/A |   N/A | 100.0 | 148.0
               +-------+-------+-------+-------+-------+----------------------

Action                     |  1- 3 |  4- 6 || total
---------------------------+-------+-------++-------
  Melee: Mace              |     4 |       ||     4
         Club              |     3 |    15 ||    18
 Invoke: Berserk           |     2 |     1 ||     3
    Use: Potion            |       |     1 ||     1
 Armour: Animal skin       |     3 |    15 ||    18
  Dodge: Dodged            |     1 |     1 ||     2

Vanquished Creatures
  An ogre (D)
  Ijyb (D)
2 creatures vanquished.
